 Dungeon Crawl Stone Soup version 0.29.1-2-gbd0b4ee654 (webtiles) character file.

Game seed: 6059365414774520738

1152 MrSixtyFour the Covert (level 8, -6/48 HPs)
             Began as a Kobold Enchanter on Nov 25, 2022.
             Was a Follower of Okawaru.
             Mangled by Pikel
             ... wielding a +1 whip of freezing
              (8 damage)
             ... on level 5 of the Dungeon.
             The game lasted 00:34:00 (7299 turns).

MrSixtyFour the Covert (Kobold Enchanter)           Turns: 7299, Time: 00:34:01

Health: -6/48      AC: 12    Str:  5      XL:     8   Next: 65%
Magic:  15/15      EV:  0    Int: 14 (17) God:    Okawaru [*.....]
Gold:   271        SH:  0    Dex: 17      Spells: 14/17 levels left

rFire   . . .      SeeInvis .   i - +3 dagger (venom)
rCold   . . .      Faith    .   (no shield)
rNeg    + . .      Spirit   .   v - +1 plate armour {rN+}
rPois   +          Reflect  .   (no helmet)
rElec   .          Harm     .   (no cloak)
rCorr   .          Rampage  .   (no gloves)
Will    .....                   (no boots)
Stlth   +.........              j - amulet of the acrobat
HPRegen 0.16/turn               u - ring of poison resistance
MPRegen 0.14/turn               (no ring)

@: about to teleport
A: small, no large weapons, nightstalker 3
a: Renounce Religion, Heroism


You were on level 5 of the Dungeon.
You worshipped Okawaru.
Okawaru was aware of your devotion.
You visited 2 branches of the dungeon, and saw 6 of its levels.

You collected 271 gold pieces.

Inventory:

Hand Weapons
 a - a +1 dagger
 i - a +3 dagger of venom (weapon)
Missiles
 h - 7 boomerangs (quivered)
Armour
 b - a +0 robe
 e - a +0 ring mail
 f - a +0 leather armour
 v - a +1 plate armour of positive energy (worn)
Magical Staves
 t - a staff of poison
Jewellery
 j - an amulet of the acrobat (around neck)
 u - a ring of poison resistance (left hand)
Wands
 p - a wand of digging (4)
Scrolls
 d - a scroll of identify
 k - 2 scrolls of amnesia
 r - a scroll of enchant armour
Potions
 c - 2 potions of invisibility
 g - a potion of attraction
 l - a potion of might
 m - a potion of lignification {unknown}
 q - 2 potions of flight


   Skills:
 + Level 4.7 Fighting
 + Level 6.9 Short Blades
 + Level 4.0 Armour
 + Level 6.1 Dodging
 + Level 8.1 Stealth
 - Level 5.0 Spellcasting
 - Level 7.1 Hexes
 + Level 4.7 Evocations


You had 14 spell levels left.
You knew the following spells:

 Your Spells              Type           Power      Damage    Failure   Level
a - Tukima's Dance        Hex            23%        N/A       100%        3

Your spell library contained the following spells:

 Spells                   Type           Power      Damage    Failure   Level
 Apportation              Tloc           6%         N/A       100%        1
 Beastly Appendage        Tmut           6%         N/A       100%        1
 Sting                    Tmut/Pois      12%        1d3       100%        1
 Ensorcelled Hibernation  Hex/Ice        26%        N/A       100%        2
 Wereblood                Tmut           3%         N/A       100%        2
 Confusing Touch          Hex            23%        N/A       100%        3
 Dazzling Flash           Conj/Hex       26%        N/A       100%        3
 Portal Projectile        Hex/Tloc       26%        N/A       100%        3
 Spider Form              Tmut/Pois      3%         N/A       100%        3
 Leda's Liquefaction      Hex/Erth       6%         N/A       100%        4
 Alistair's Intoxication  Tmut/Pois      2%         N/A       100%        5
 Orb of Destruction       Conj           1%         9d5       100%        7
 Summon Small Mammal      Summ           Unusable   N/A       N/A         1
 Call Canine Familiar     Summ           Unusable   N/A       N/A         3
 Summon Guardian Golem    Hex/Summ       Unusable   N/A       N/A         3
 Spellforged Servitor     Conj/Summ      Unusable   N/A       N/A         7

Dungeon Overview and Level Annotations

Branches:
Dungeon (5/15)             Temple (1/1) D:4

Altars:
Cheibriados
Elyvilon
Gozag
Hepliaklqana
Nemelex Xobeh
Okawaru
Qazlal
Trog
Uskayaw
Vehumet
Xom
Yredelemnul
Zin

Shops:
D:2 =

Annotations:
D:5 Pikel


Innate Abilities, Weirdness & Mutations

You are small and have problems with some larger weapons.
You are completely attuned to the shadows.


Message History

Throw: 7 boomerangs
Press: ? - help, Q - select action, (/) - cycle Shift-Dir - straight line, f/p - Pikel
Aim: Pikel, wielding a +1 whip of freezing and wearing a +0 robe (lightly wounded, 55% to hit)
You throw a boomerang. The boomerang completely misses Pikel.
Pikel cracks his whip.
Pikel attacks as you move away! Pikel hits you but does no damage.
Pikel attacks as you move away! Pikel completely misses you.
Pikel attacks as you move away! Pikel hits you but does no damage.
A quokka comes into view.
The quokka misses you.
You closely miss the quokka.
The quokka bites you but does no damage.
Pikel hits you but does no damage.
You closely miss the quokka.
The quokka bites you but does no damage.
You barely miss the quokka.
Pikel hits you with a +1 whip of freezing!
Pikel freezes you. The quokka bites you.
* * * LOW HITPOINT WARNING * * *
You barely miss Pikel.
Pikel is lightly wounded.
You hit the quokka but do no damage.
The quokka is poisoned.
The quokka bites you but does no damage.
Pikel hits you with a +1 whip of freezing.
* * * LOW HITPOINT WARNING * * *
Pikel freezes you.
* * * LOW HITPOINT WARNING * * *
You barely miss the quokka.
The quokka is heavily wounded.
The quokka bites you.
* * * LOW HITPOINT WARNING * * *
Pikel hits you with a +1 whip of freezing.
* * * LOW HITPOINT WARNING * * *
Pikel freezes you.
* * * LOW HITPOINT WARNING * * *
As you read the scroll of teleportation, it crumbles to dust.
You feel strangely unstable. The quokka completely misses you.
A lemure comes into view.
Pikel hits you with a +1 whip of freezing!
You die...

#.......###
#.........#
#......##.#
#.........#
#......
#.......###
#.....
#.#####.#
.... #)#
#.#
#r######.#
#.#
#@K..5...#
#.#
##########
#.# #.###
#..†. #####


You could see Pikel, a lemure and a quokka (very poisoned).

Vanquished Creatures
  A water moccasin (D:5)
  4 black bears
  A lemure (D:5)
  2 necrophages
  A scorpion (D:4)
  A howler monkey (D:4)
  2 hounds
  Natasha (thrice) (D:2)
  5 gnolls
  3 adders
  A shadow imp (D:5)
  6 worms
  2 dart slugs (D:5)
  13 orcs
  6 ball pythons
  3 endoplasms
  2 giant cockroaches (D:2)
  13 goblins
  10 hobgoblins
  3 jackals (D:1)
  5 kobolds
  2 quokkas
  5 bats
  A frilled lizard (D:1)
  8 rats
103 creatures vanquished.

Vanquished Creatures (collateral kills)
  2 goblins (D:2)
2 creatures vanquished.

Vanquished Creatures (others)
  An orc (D:5)
  2 fungi (D:2)
  4 plants (D:2)
7 creatures vanquished.

Grand Total: 112 creatures vanquished

Notes
Turn   | Place    | Note
-------+----------+-------------------------------------------
     0 | D:1      | MrSixtyFour the Kobold Enchanter began the quest for the
                  | Orb.
     0 | D:1      | Reached XP level 1. HP: 10/10 MP: 3/3
    69 | D:1      | Reached XP level 2. HP: 15/15 MP: 5/5
  1026 | D:1      | Reached XP level 3. HP: 19/19 MP: 6/6
  1300 | D:2      | Found Fypot's Jewellery Shoppe.
  1394 | D:2      | Noticed Natasha
  1408 | D:2      | Killed Natasha
  1409 | D:2      | Reached skill level 5 in Stealth
  1409 | D:2      | Reached XP level 4. HP: 9/24 MP: 7/7
  1771 | D:2      | Found a faded altar of an unknown god.
  1776 | D:2      | Got Plato's Vellum of Toxins
  1856 | D:2      | Found a stormy altar of Qazlal.
  1913 | D:2      | Noticed Natasha
  1972 | D:2      | Killed Natasha
  1991 | D:2      | Reached XP level 5. HP: 24/28 MP: 8/8
  2207 | D:2      | Noticed Natasha
  2218 | D:2      | Killed Natasha
  2219 | D:2      | Reached skill level 6 in Stealth
  3300 | D:3      | Reached skill level 5 in Dodging
  3300 | D:3      | Reached XP level 6. HP: 39/39 MP: 8/13
  3305 | D:3      | Learned a level 3 spell: Tukima's Dance
  3469 | D:4      | Noticed a black bear
  3497 | D:3      | Killed a black bear
  3498 | D:3      | Reached XP level 7. HP: 11/44 MP: 14/14
  4028 | D:4      | Reached skill level 7 in Stealth
  4360 | D:4      | Found a staircase to the Ecumenical Temple.
  4823 | Temple   | Entered the Ecumenical Temple
  5030 | Temple   | Became a worshipper of Warmaster Okawaru
  5073 | D:5      | Entered Level 5 of the Dungeon
  5301 | D:5      | Reached XP level 8. HP: 46/48 MP: 15/15
  5344 | D:5      | Reached skill level 5 in Spellcasting
  5724 | D:5      | Reached skill level 8 in Stealth
  5890 | D:5      | Noticed a moth of wrath
  6016 | D:5      | Found a bloodstained altar of Trog.
  6714 | D:5      | Reached * piety under Okawaru
  6923 | D:5      | HP: 1/48 [gnoll/bolt of acid (7)]
  7284 | D:5      | Noticed Pikel
  7298 | D:5      | HP: 2/48 [Pikel/+1 whip of freezing (1)]
  7299 | D:5      | Mangled by Pikel

Illustrated notes

Levels and vault maps discovered:
D:1:      dpeg_arrival_simpleton_c, layout_basic
D:2:      layout_loops_ring, basic_altar, serial_shops, nicolae_shop_trees,
          shapermc_ecumenical_altar_rom_forum, minmay_goblin_outpost,
          uniq_natasha
D:3:      layout_basic
D:4:      layout_loops_ring, minmay_temple_entry_grid, kennysheep_generic_room_7
D:5:      layout_basic, tgw_trog, grunt_tough_drop, uniq_menkaure, uniq_pikel,
          uniq_edmund
Temple:   hellmonk_temple_flake

Skill      XL: |  1  2  3  4  5  6  7  8 |
---------------+-------------------------+-----
Short Blades   | 2 6 |  6.9
Stealth        | 5 6 7 8 |  8.1
Dodging        | 3 5 6 |  6.1
Fighting       | 4 |  4.7
Armour         | 3 4 |  4.0
Spellcasting   | 4 5 |  5.0
Hexes          | 7 |  7.1
Evocations     | 4 |  4.7

Action                   |  1- 3 |  4- 6 |  7- 9 || total
-------------------------+-------+-------+-------++-------
Melee: Dagger            |    48 |    94 |   174 ||   316
       Punch             |       |     1 |     1 ||     2
Throw: Boomerang         |       |       |     2 ||     2
Evoke: Wand              |       |     1 |       ||     1
  Use: Potion            |     1 |     3 |     6 ||    10
       Scroll            |     1 |       |     5 ||     6
 Stab: Sleeping          |    14 |    14 |     6 ||    34
       Distracted        |       |     1 |     1 ||     2
       Invisible         |       |       |     1 ||     1
Armor: Ring mail         |    11 |    32 |     4 ||    47
       Plate armour      |       |       |    76 ||    76
Dodge: Dodged            |    27 |    68 |    61 ||   156
